 Dungeon Crawl Stone Soup version 0.22.0-75-g3901e79 (webtiles) character file.

933 Fang the Chopper (level 8, 0/73 HPs)
             Began as a Gargoyle Berserker on Sept 12, 2018.
             Was a Priest of Trog.
             Killed by divine providence
             ... invoked by an orc priest
              (14 damage)
             ... on level 7 of the Dungeon.
             The game lasted 00:05:00 (4915 turns).

Fang the Chopper (Gargoyle Berserker)               Turns: 4915, Time: 00:05:01

Health: 0/73       AC:  7    Str: 28    XL:     8   Next: 11%
Magic:  8/8        EV: 13    Int:  8    God:    Trog [***...]
Gold:   248        SH:  0    Dex:  9    Spells: 7/7 levels left

rFire    . . .     SeeInvis .   a - +0 hand axe
rCold    . . .     Gourm    .   (no shield)
rNeg     + . .     Faith    .   b - +0 animal skin
rPois    ∞         Spirit   .   (no helmet)
rElec    +         Reflect  .   (no cloak)
rCorr    .         Harm     .   (no gloves)
MR       .....                  (no boots)
Stlth    ..........             (no amulet)
HPRegen  0.22/turn              (no ring)
MPRegen  0.11/turn              (no ring)

@: berserking (expiring), very quick
A: negative energy resistance 1, electricity resistance, unbreathing,
petrification resistance, rot immunity, AC +5
a: Berserk, Trog's Hand, Renounce Religion


You were on level 7 of the Dungeon.
You worshipped Trog.
Trog was most pleased with you.
You were very hungry.

You visited 1 branch of the dungeon, and saw 6 of its levels.

You collected 248 gold pieces.

Inventory:

Hand Weapons
 a - a +0 hand axe (weapon)
Armour
 b - a +0 animal skin (worn)
Jewellery
 n - an uncursed ring of protection from magic {unknown}
Wands
 m - a wand of iceblast (11)
 p - a wand of acid (8)
Scrolls
 d - 9 scrolls of remove curse {unknown}
 e - a scroll of random uselessness {unknown}
 f - 3 scrolls of blinking {unknown}
 h - a scroll of enchant armour {unknown}
 l - 6 scrolls of identify {unknown}
 r - a scroll of immolation {unknown}
 s - a scroll of fog {unknown}
Potions
 g - a potion of invisibility {unknown}
 i - 2 potions of heal wounds {unknown}
 j - a potion of agility {unknown}
 k - a potion of curing {unknown}
 q - a potion of ambrosia {unknown}
Comestibles
 c - 11 rations


   Skills:
 + Level 5.3 Fighting
 + Level 6.3 Axes
 + Level 2.4 Armour
 + Level 3.9 Dodging
 + Level 2.5 Stealth


You had 7 spell levels left.
You didn't know any spells.
Your spell library was empty.

Dungeon Overview and Level Annotations

Branches:
Dungeon (5/15)             Temple (0/1) D:5

Altars:
Dithmenos
Qazlal
Zin
The Shining One

Shops:
D:4 (


Innate Abilities, Weirdness & Mutations

You are resistant to torment.
Your stone body is resilient. (AC +5)
You are immune to poison.
You resist negative energy. (rN+)
You are resistant to electric shocks. (rElec)
You can survive without breathing.
You are immune to petrification.
You are immune to rotting.


Message History

You barely miss the orc warrior.
The orc warrior is severely wounded.
The orc priest closely misses you.
The orc warrior hits you with a short sword!
* * * LOW HITPOINT WARNING * * *
Unknown command.
You hit the orc warrior.
The orc warrior is almost dead.
The orc priest barely misses you.
An orc priest comes into view. It is wielding a mace.
Unknown command.
You slash the orc warrior!
You feel the power of Trog in you as your rage grows.
You kill the orc warrior!
Trog accepts your kill.
Unknown command.
The orc misses you.
The orc priest invokes the aid of Beogh against you.
Beogh smites you!
You die...

#.#.# .
.#.# .. ..#
###.###.#
[.......###
#.......#
.....####.#
... #)# .
#@# #oo{.#
#oo.....#
........#
####....#
o...# ...#
....


You could see 3 orc priests and 2 orcs.

Vanquished Creatures
  Sigmund (D:2)
  An orc warrior (D:7)
  An ogre (D:5)
  A centaur (D:5)
  Blork the orc (D:5)
  A jelly (D:5)
  A crimson imp (D:5)
  A bullfrog zombie (D:2)
  3 orc priests
  An orc wizard (D:7)
  3 worker ants
  A worker ant zombie (D:5)
  5 adders
  A worm (D:3)
  2 dart slugs
  7 leopard geckos
  11 orcs
  3 ball pythons
  2 giant cockroaches
  8 goblins
  5 hobgoblins
  8 jackals
  13 bats
  6 frilled lizards
  7 kobolds
  2 leopard gecko skeletons
  A quokka zombie (D:5)
  7 rats
104 creatures vanquished.

Vanquished Creatures (others)
  2 plants (D:3)
2 creatures vanquished.

Grand Total: 106 creatures vanquished

Notes
Turn   | Place    | Note
-------+----------+-------------------------------------------
     0 | D:1      | Fang the Gargoyle Berserker began the quest for the Orb.
     0 | D:1      | Reached XP level 1. HP: 14/14 MP: 1/1
   101 | D:1      | Reached XP level 2. HP: 19/19 MP: 2/2
   193 | D:1      | Reached skill level 3 in Axes
   231 | D:1      | Reached XP level 3. HP: 24/24 MP: 3/3
   466 | D:1      | Reached ** piety under Trog
   706 | D:2      | Noticed Sigmund
   718 | D:2      | Killed Sigmund
   718 | D:2      | Reached skill level 4 in Axes
   718 | D:2      | Reached XP level 4. HP: 28/30 MP: 4/4
   718 | D:2      | Reached XP level 5. HP: 32/34 MP: 5/5
   797 | D:2      | Reached skill level 1 in Stealth
  1039 | D:2      | Reached XP level 6. HP: 37/39 MP: 6/6
  2003 | D:3      | Found a stormy altar of Qazlal.
  2180 | D:3      | Found a glowing silver altar of Zin.
  2255 | D:3      | Reached *** piety under Trog
  2426 | D:3      | Reached skill level 5 in Axes
  2948 | D:4      | Reached XP level 7. HP: 31/44 MP: 7/7
  3334 | D:4      | Found Suha's Antique Weapon Boutique.
  3629 | D:5      | Entered Level 5 of the Dungeon
  3629 | D:5      | Found a glowing golden altar of the Shining One.
  3672 | D:5      | Noticed Blork the orc
  3682 | D:5      | Killed Blork the orc
  3794 | D:5      | Found a shadowy altar of Dithmenos.
  4073 | D:5      | Reached skill level 5 in Fighting
  4375 | D:5      | Found a staircase to the Ecumenical Temple.
  4760 | D:5      | Reached skill level 6 in Axes
  4893 | D:5      | You fall through a shaft for 2 floors!
  4900 | D:7      | Reached XP level 8. HP: 49/49 MP: 8/8
  4915 | D:7      | Killed from afar by an orc priest

Skill      XL: |  1  2  3  4  5  6  7 |
---------------+----------------------+-----
Axes           | 3 4 5 6 |  6.3
Dodging        | 2 3 |  3.9
Fighting       | 4 5 |  5.3
Stealth        | 1 2 |  2.5
Armour         | |  2.4

Action                   |  1- 3 |  4- 6 |  7- 9 || total
-------------------------+-------+-------+-------++-------
Melee: Hand axe          |    93 |   174 |   118 ||   385
Invok: Berserk           |     1 |     1 |     5 ||     7
 Stab: Sleeping          |       |       |     1 ||     1
  Eat: Chunk             |       |     9 |     9 ||    18
Armor: Animal skin       |    39 |    53 |    23 ||   115
Dodge: Dodged            |    72 |   109 |    79 ||   260
